 Dungeon Crawl Stone Soup version 0.28.0-53-g5a82cb258f (webtiles) character file.

Game seed: 4085167105875964127

59 Mitsuki the Firebug (level 3, 0/19 HPs)
             Began as a Deep Elf Fire Elementalist on June 15, 2022.
             Slain by a gnoll
             ... wielding a +0 whip
              (6 damage)
             ... on level 2 of the Dungeon on June 26, 2022.
             The game lasted 00:03:45 (1344 turns).

Mitsuki the Firebug (Deep Elf Fire Elementalist)    Turns: 1344, Time: 00:03:45

Health: 0/19       AC:  2    Str:  5    XL:     3   Next: 78%
Magic:  7/10       EV: 12    Int: 21    God:
Gold:   45         SH:  0    Dex: 15    Spells: 8/9 levels left

rFire   . . .      SeeInvis .   c - +0 dagger
rCold   . . .      Faith    .   (no shield)
rNeg    . . .      Spirit   .   a - +0 robe
rPois   .          Reflect  .   (no helmet)
rElec   .          Harm     .   (no cloak)
rCorr   .          Rampage  .   (no gloves)
Will    .....                   (no boots)
Stlth   ++........              (no amulet)
HPRegen 0.06/turn               (no ring)
MPRegen 0.12/turn               (no ring)

@: very slightly contaminated
A: no striking features
a: no special abilities


You were on level 2 of the Dungeon.
You visited 1 branch of the dungeon, and saw 2 of its levels.

You collected 45 gold pieces.

Inventory:

Hand Weapons
 c - a +0 dagger (weapon)
Armour
 a - a +0 robe (worn)
Scrolls
 b - 3 scrolls of immolation {unknown}
 e - 2 scrolls of teleportation {unknown}
Potions
 d - 2 potions of heal wounds {unknown}


   Skills:
 - Level 2.4 Dodging
 - Level 2.4 Stealth
 + Level 3.7 Spellcasting
 + Level 2.1 Conjurations
 * Level 4.4 Fire Magic


You had 8 spell levels left.
You knew the following spells:

 Your Spells              Type           Power      Damage    Failure   Level
a - Foxfire               Conj/Fire      68%        2x1d7     3%          1

Your spell library contained the following spells:

 Spells                   Type           Power      Damage    Failure   Level
 Scorch                   Fire           44%        2d7       3%          2
 Conjure Flame            Conj/Fire      17%        6-21      10%         3
 Freeze                   Ice            12%        1d4       12%         1
 Inner Flame              Hex/Fire       13%        N/A       14%         3
 Flame Wave               Conj/Fire      17%        2d6       30%         4
 Frozen Ramparts          Ice            6%         1d2       36%         3
 Hailstorm                Conj/Ice       8%         3d4       61%         4
 Summon Lightning Spire   Summ/Air       3%         N/A       77%         4
 Storm Form               Tmut/Air       1%         N/A       100%        7
 Maxwell's Capacitive Co  Air            1%         ∞         100%        8


Dungeon Overview and Level Annotations

Branches:
Dungeon (2/15)

Altars:


Message History

Casting: Foxfire (safe; 3% risk of failure)
Confirm with . or Enter, or press ? or * to list all spells.
You conjure some foxfire!
* * * LOW MAGIC WARNING * * *
You now have 2/10 mp.
The foxfire hits the gnoll.
You kill the gnoll!
The foxfire hits the gnoll.
The gnoll is lightly wounded.
You climb upwards.
There is a stone staircase leading down here.
Magic restored.
Done exploring.
MP restored: 10 You climb downwards.
The gnoll barely misses you. The gnoll hits you with a +0 whip.
There is a stone staircase leading up here.
You take 5 damage, and have 14/19 hp.
MASSIVE DAMAGE!!
You miscast Foxfire.
You are very lightly contaminated with residual magic.
Nothing appears to happen.
The gnoll hits you with a +0 whip. The endoplasm hits you.
You take 6 damage, and have 8/19 hp.
MASSIVE DAMAGE!!
You now have 9/10 mp.
You are too injured to fight recklessly!
You are too injured to fight recklessly!
The endoplasm freezes you.
You are frozen.
* * * LOW HITPOINT WARNING * * *
You take 3 damage, and have 5/19 hp.
Casting: Foxfire (safe; 3% risk of failure)
Confirm with . or Enter, or press ? or * to list all spells.
You conjure some foxfire!
The gnoll barely misses you. The endoplasm barely misses you.
You now have 8/10 mp.
Casting: Foxfire (safe; 3% risk of failure)
Confirm with . or Enter, or press ? or * to list all spells.
You conjure some foxfire!
The foxfire hits the gnoll!
The gnoll is severely wounded.
The gnoll hits you with a +0 whip.
You die...

######### #)### ##
#.......# .†. .#
#.#####.#######.###.#
#.# #.#.>.....##..#
#<# #.#.........(.#
#######.#.......)...#
........#...........#
#####<..#...vJ..<...#
#...#..v@g..##'###
#....≈.§v........#
#....≈..§........#
#.≈.≈≈...........#
#...≈≈.####......#
#†...≈.# #......#
###≈.≈.# #......#
##.≈.# #......# #...#
#......#


You could see a gnoll (ally target) and an endoplasm.

Vanquished Creatures
  2 gnolls (D:2)
  A dart slug (D:1)
  2 ball pythons
  3 endoplasms (D:1)
  A giant cockroach (D:1)
  3 goblins (D:1)
  2 hobgoblins (D:1)
  2 jackals (D:1)
  4 quokkas (D:1)
  4 bats
  3 frilled lizards
  6 kobolds (D:1)
  5 rats (D:1)
38 creatures vanquished.

Vanquished Creatures (others)
  132 foxfires
132 creatures vanquished.

Grand Total: 170 creatures vanquished

Notes
Turn   | Place    | Note
-------+----------+-------------------------------------------
     0 | D:1      | Mitsuki the Deep Elf Fire Elementalist began the quest for
                  | the Orb.
     0 | D:1      | Reached XP level 1. HP: 10/10 MP: 6/6
   110 | D:1      | Reached XP level 2. HP: 15/15 MP: 0/8
   600 | D:1      | Reached skill level 4 in Fire Magic
   753 | D:1      | Reached XP level 3. HP: 19/19 MP: 6/10
  1344 | D:2      | Slain by a gnoll

Illustrated notes

Levels and vault maps discovered:
D:1:      noname_arrival_rooms_in_the_neighbourhood, layout_loops_ring
D:2:      minmay_diamond_boxcup, layout_basic,
          shapermc_ecumenical_altar_flowoftime, chequers_mini_garden,
          kennysheep_nondescript, chequers_serial_rivers_micro_e, uniq_robin

Skill      XL: |  1  2  3 |
---------------+----------+-----
Fire Magic     | 4 |  4.4
Conjurations   | 2 |  2.1
Dodging        | |  2.4
Stealth        | |  2.4
Spellcasting   | |  3.7

Action                   || total
-------------------------++-------
Melee: Dagger            ||     4
 Cast: Foxfire           ||    79
 Stab: Sleeping          ||     1
Armor: Robe              ||     1
Dodge: Dodged            ||     5
